 Dungeon Crawl Stone Soup version 0.27-a0-223-ge082b6e869 (webtiles) character file.

Game seed: 7688019647385406648

1363 rebelwolf the Slasher (level 8, -6/71 HPs)
             Began as a Hill Orc Berserker on Feb 2, 2021.
             Was a Priest of Trog.
             Mangled by an unseen horror (8 damage)
             ... on level 5 of the Dungeon.
             The game lasted 00:14:13 (4752 turns).

rebelwolf the Slasher (Hill Orc Berserker)          Turns: 4752, Time: 00:14:14

Health: -6/71      AC: 14    Str: 22    XL:     8   Next: 64%
Magic:  8/8        EV: 13    Int:  7    God:    Trog [***...]
Gold:   273        SH:  0    Dex: 10    Spells: 7/7 levels left

rFire    . . .     SeeInvis .   a - +0 falchion
rCold    . . .     Faith    .   (no shield)
rNeg     . . .     Spirit   .   d - +1 chain mail {rPois}
rPois    +         Reflect  .   (no helmet)
rElec    .         Harm     .   (no cloak)
rCorr    .         Rampage  .   g - +1 pair of gloves
Will     .....                  l - +0 pair of boots
Stlth    ..........             (no amulet)
HPRegen  0.21/turn              h - +4 ring of evasion
MPRegen  0.11/turn              (no ring)

@: brilliant, flying
A: no striking features
a: Renounce Religion, Berserk, Trog's Hand


You were on level 5 of the Dungeon.
You worshipped Trog.
Trog was most pleased with you.
You visited 1 branch of the dungeon, and saw 5 of its levels.

You collected 273 gold pieces.

Inventory:

Hand Weapons
 a - a +0 falchion (weapon)
 f - a +0 club
Missiles
 e - 5 javelins (quivered)
 n - 6 boomerangs
Armour
 d - a +1 chain mail of poison resistance (worn)
 g - a +1 pair of gloves (worn)
 l - a +0 pair of boots (worn)
Jewellery
 b - an uncursed ring of fire
 h - a +4 ring of evasion (left hand)
Scrolls
 c - 4 scrolls of remove curse
 k - 2 scrolls of blinking
 o - a scroll of teleportation
 p - a scroll of fear {unknown}
Potions
 j - 4 potions of brilliance


   Skills:
 + Level 6.6 Fighting
 + Level 7.9 Long Blades
 + Level 1.0 Throwing
 + Level 5.8 Armour
 + Level 3.1 Dodging
 + Level 1.4 Stealth


You had 7 spell levels left.
You didn't know any spells.
Your spell library was empty.

Dungeon Overview and Level Annotations

Branches:
Dungeon (5/15)
 Temple: D:4-7

Altars:
Elyvilon
Fedhas
Hepliaklqana


Message History

Something hits you. Something hits you!
* * * LOW HITPOINT WARNING * * *
There is an open door here.
Something hits you.
* * * LOW HITPOINT WARNING * * *
Something hits you but does no damage.
You slash something! Something hits you but does no damage. Something hits you.
* * * LOW HITPOINT WARNING * * *
Something hits you but does no damage. Something hits you!
* * * LOW HITPOINT WARNING * * *
There is an open door here.
Something hits you but does no damage.
Something hits you but does no damage. x2
Something hits you.
* * * LOW HITPOINT WARNING * * *
Found a potion of ambrosia.
Something hits you!
You die...

##### ##############
###.... .............#
#......
...!...@.....##....##.#.
######.{#######[###.#.#.
#..#.........(##.#.
#..'....#..###.#.#.
####....##.... #...
#....##.###.#..(
#....##....##..# ##+###
.#....##†###.#...
#...[.#
.#....#..)..##(..


There were no monsters in sight!

Vanquished Creatures
  Sigmund (D:4)
  The ghost of HackSlashDie the Covered, an amateur DsAK of Lugonu (D:4)
  Purgy (D:4)
  An ogre (D:4)
  A centaur (D:5)
  2 phantoms (D:4)
  A bullfrog (D:5)
  A scorpion (D:4)
  5 hounds
  A bullfrog skeleton (D:4)
  2 iguanas (D:4)
  3 orc wizards
  2 worker ants
  A hound zombie (D:5)
  8 adders
  2 white imps (D:5)
  2 oozes
  An adder zombie (D:4)
  An adder skeleton (D:4)
  A worm (D:3)
  6 dart slugs
  2 leopard geckos (D:1)
  14 orcs
  5 giant cockroaches
  7 goblins
  6 hobgoblins
  5 jackals
  8 kobolds
  2 quokkas
  2 ball pythons
  6 bats
  7 frilled lizards
  7 rats
115 creatures vanquished.

Notes
Turn   | Place    | Note
-------+----------+-------------------------------------------
     0 | D:1      | rebelwolf the Hill Orc Berserker began the quest for the
                  | Orb.
     0 | D:1      | Reached XP level 1. HP: 19/19 MP: 1/1
    47 | D:1      | Reached XP level 2. HP: 10/27 MP: 2/2
   623 | D:1      | Reached XP level 3. HP: 20/34 MP: 3/3
  1020 | D:1      | Reached ** piety under Trog
  1594 | D:2      | Reached XP level 4. HP: 41/41 MP: 4/4
  1638 | D:2      | Reached skill level 4 in Long Blades
  1868 | D:2      | Found a blossoming altar of Fedhas.
  1945 | D:2      | You fall into a shaft and drop 2 floors!
  1945 | D:4      | Found a runed translucent gate.
  1955 | D:4      | Reached XP level 5. HP: 47/47 MP: 5/5
  1962 | D:4      | Reached skill level 5 in Fighting
  1967 | D:4      | Found a runed translucent gate.
  1979 | D:4      | Reached skill level 5 in Long Blades
  1979 | D:4      | Reached XP level 6. HP: 18/56 MP: 6/6
  1998 | D:4      | Found a runed translucent gate.
  2237 | D:3      | Reached skill level 1 in Stealth
  2241 | D:3      | Reached XP level 7. HP: 41/62 MP: 7/7
  2616 | D:3      | Reached *** piety under Trog
  3307 | D:2      | Found a faded altar of an unknown god.
  3579 | D:4      | Found a white marble altar of Elyvilon.
  3595 | D:4      | Reached skill level 6 in Long Blades
  3673 | D:4      | Noticed Sigmund
  3709 | D:4      | Killed Sigmund
  3710 | D:4      | Reached skill level 7 in Long Blades
  3710 | D:4      | Reached skill level 1 in Throwing
  3710 | D:4      | Reached XP level 8. HP: 22/70 MP: 8/8
  4033 | D:4      | Noticed Purgy
  4055 | D:4      | Killed Purgy
  4256 | D:4      | Noticed HackSlashDie's ghost (amateur DsAK)
  4269 | D:4      | Killed HackSlashDie's ghost
  4331 | D:5      | Entered Level 5 of the Dungeon
  4346 | D:5      | Found a hazy altar of Hepliaklqana.
  4481 | D:5      | Reached skill level 5 in Armour
  4690 | D:5      | HP: 3/71 [something (6)]
  4724 | D:5      | HP: 2/71 [something (3)]
  4748 | D:5      | HP: 2/71 [something (8)]
  4752 | D:5      | Mangled by an unseen horror

Illustrated notes

Levels and vault maps discovered:
D:1:      minmay_arrival_diagonal_passages, layout_rooms, minmay_pentomino_s2
D:2:      layout_basic, lemuel_doored_altar, chequers_ecumenical_altar_simple,
          serial_bayou_pond_d
D:3:      layout_loops_ring
D:4:      layout_cave_pools, elyvilon_altar_3, gammafunk_ghost_necromancy,
          kennysheep_generic_room_4, uniq_purgy, uniq_sigmund
D:5:      layout_gridville, nzn_hepliaklqana_mist_gate, cheibrodos_worm_habitat,
          minmay_manual_maat

Skill      XL: |  1  2  3  4  5  6  7  8 |
---------------+-------------------------+-----
Fighting       | 4 5 6 |  6.6
Dodging        | 2 3 |  3.1
Long Blades    | 4 5 7 |  7.9
Armour         | 3 4 5 |  5.8
Stealth        | 1 |  1.4
Throwing       | 1 |  1.0

Action                   |  1- 3 |  4- 6 |  7- 9 || total
-------------------------+-------+-------+-------++-------
Melee: Falchion          |    84 |   155 |   247 ||   486
Throw: Javelin           |     6 |     2 |     3 ||    11
Invok: Berserk           |     1 |     2 |     4 ||     7
       Trog's Hand       |       |     2 |     2 ||     4
  Use: Scroll            |     4 |     1 |     1 ||     6
       Potion            |       |       |     5 ||     5
Armor: Animal skin       |    27 |       |       ||    27
       Chain mail        |     1 |   135 |   182 ||   318
Dodge: Dodged            |    76 |   198 |   202 ||   476
       Rpst.: Falchion   |    21 |    66 |    43 ||   130

Table legend: (Time is in decaauts)
 A = Elapsed time spent in this place.
 B = Non-inter-level travel time spent in this place.
 C = Inter-level travel time spent in this place.
 D = Time resting spent in this place.
 E = Time spent auto-exploring this place.
 F = Levels seen in this place.
 G = Mean time per level.
                   A        B        C        D        E       F      G
               +--------+--------+--------+--------+--------+-----+--------+
         Total |   4814 |   4637 |    177 |    802 |   2446 |   5 |  962.8 |
       Dungeon |   4814 |   4637 |    177 |    802 |   2446 |   5 |  962.8 |
               +--------+--------+--------+--------+--------+-----+--------+

Top non-repeatable levels by time:
     D:1: 1249 daAuts
     D:2: 1109 daAuts
     D:3: 1075 daAuts
     D:4: 956 daAuts
     D:5: 423 daAuts
